AoeStats
← Avalentino

Fortress

507675819Analyzed
3v3 RM · 12d ago on Sep 19, 2026· 38m 16s· 6 players
Game mode
Random Map
Map size
Large (8 player)
Population
200
Speed
Normal
Resources
Standard
Victory
Conquest
Starting age
Dark Age
Ending age
Imperial Age
RankedLock teamsTeams togetherTeam positionsShared explorationLock speedFull tech treeHidden civsTurbo modeCheats
Victory
Defeat
🇦🇷 Britons · Argentina
1174
+8
🇲🇴 Turks · Macao SAR China
1044
+13
🇲🇴 Goths · Macao SAR China
962
+17
🇧🇪 Huns · Belgium
1015
-14
🇩🇪 Franks · Germany
994
-13
🇬🇷 Bohemians · Greece
937
-11
LordEryn
1:29 Loom
5:47 Feudal Age
7:14 Wheelbarrow
6:30 Double-Bit Axe
13:16 Castle Age
13:37 Gold Mining
16:51 Bow Saw
23:36 Husbandry
23:52 Forging
24:47 Gold Shaft Mining
24:18 Town Watch
29:40 Imperial Age
29:44 Hand Cart
29:24 Stone Mining
30:49 Conscription
31:21 Iron Casting
30:38 Cavalier
34:12 Blast Furnace
33:18 Scale Barding Armor
35:12 Paladin
37:01 Chain Barding Armor
Hanzani
4:09 Loom
8:47 Feudal Age
11:41 Double-Bit Axe
13:58 Castle Age
12:18 Horse Collar
12:55 Fletching
16:41 Bodkin Arrow
17:32 Bow Saw
18:21 Wheelbarrow
17:52 Padded Archer Armor
21:01 Hand Cart
21:07 Heavy Plow
26:51 Imperial Age
25:44 Masonry
30:45 Chemistry
aggelos
7:29 Feudal Age
8:52 Horse Collar
8:59 Double-Bit Axe
15:43 Castle Age
16:59 Bow Saw
16:52 Heavy Plow
17:29 Wheelbarrow
20:58 Scale Barding Armor
21:05 Forging
22:27 Husbandry
22:52 Hand Cart
26:34 Imperial Age
26:10 Chemistry
28:23 Iron Casting
27:27 Cavalier
28:38 Elite Skirmisher
31:34 Blast Furnace
Avalentino
10:00 Feudal Age
9:18 Loom
11:19 Wheelbarrow
15:30 Castle Age
13:31 Horse Collar
13:37 Double-Bit Axe
15:35 Town Watch
17:37 Caravan
21:27 Hand Cart
22:36 Fervor
23:16 Heavy Plow
23:43 Squires
26:14 Stone Mining
26:18 Gold Mining
29:57 Imperial Age
30:13 Stone Shaft Mining
30:12 Ballistics
30:04 Forging
29:55 Scale Mail Armor
30:38 Bow Saw
31:40 Chemistry
30:08 Elite Huskarl
30:50 Perfusion
32:12 Crop Rotation
31:56 Pikeman
32:40 Anarchy
33:02 Conscription
34:32 Iron Casting
35:45 Masonry
35:55 Chain Mail Armor
36:41 Blast Furnace
André
7:30 Feudal Age
11:46 Castle Age
9:50 Double-Bit Axe
10:48 Gold Mining
10:53 Fletching
10:52 Horse Collar
15:30 Loom
22:42 Imperial Age
20:40 Bodkin Arrow
22:01 Wheelbarrow
21:31 Padded Archer Armor
22:04 Town Watch
22:54 Bow Saw
23:08 Leather Archer Armor
23:45 Yeomen
24:05 Ballistics
25:15 Ring Archer Armor
25:44 Bracer
28:13 Chemistry
28:11 Hand Cart
28:22 Conscription
28:33 Murder Holes
30:15 Elite Longbowman
38:50 Two-Man Saw
King_Cyrus
0:54 Loom
7:48 Feudal Age
9:04 Wheelbarrow
8:12 Horse Collar
8:23 Gold Mining
15:12 Castle Age
16:20 Hand Cart
16:43 Gold Shaft Mining
15:56 Double-Bit Axe
16:52 Bow Saw
17:23 Heavy Plow
23:16 Imperial Age
Connection lost

Rejoining the realm…

Still unreachable

The connection could not be restored.

Session expired

The server has moved on; the page needs a fresh start.